 Dungeon Crawl Stone Soup version 0.21-a0-421-gfc1ce30 (webtiles) character file.

37 hazymike the Ruffian (level 3, 0/31 HPs)
             Began as a Centaur Warper on Nov 4, 2017.
             Slain by an adder (4 damage)
             ... on level 2 of the Dungeon.
             The game lasted 00:09:15 (1416 turns).

hazymike the Ruffian (Centaur Warper)               Turns: 1416, Time: 00:09:16

Health: 0/31       AC:  5    Str: 13    XL:     3   Next: 21%
Magic:  5/5        EV:  9    Int: 12    God:
Gold:   39         SH:  0    Dex:  9    Spells: 5/5 levels left

rFire    . . .     SeeInvis .     - Unarmed
rCold    . . .     Gourm    .   (no shield)
rNeg     . . .     Faith    .   a - +0 leather armour
rPois    .         Spirit   .   (no helmet)
rElec    .         Reflect  .   k - +0 cloak
rCorr    .         Harm     .   (no gloves)
MR       .....                  (no barding)
Stlth    ..........             (no amulet)
HPRegen  0.10/turn              (no ring)
MPRegen  0.09/turn              (no ring)

@: very quick
A: hooves 3, deformed body, speed 2, tough skin 3
a: no special abilities


You were on level 2 of the Dungeon.
You were hungry.

You visited 1 branch of the dungeon, and saw 2 of its levels.

You collected 39 gold pieces.

Inventory:

Missiles
 d - 5 tomahawks of dispersal (quivered)
 e - 21 poisoned needles
 n - 16 stones
 s - 17 sling bullets
Armour
 a - a +0 leather armour (worn)
 j - a +0 pair of gloves
 k - a +0 cloak (worn)
 t - a cursed +0 helmet
Jewellery
 v - an uncursed ring of stealth {unknown}
Scrolls
 c - a scroll of blinking
 g - a scroll of magic mapping {unknown}
 h - a scroll of identify {unknown}
 i - 2 scrolls of teleportation {unknown}
 o - a scroll of fog {unknown}
 r - a scroll of recharging {unknown}
Potions
 l - 2 potions of curing {unknown}
 m - a potion of lignification {unknown}
 q - a potion of might {unknown}
 u - a potion of agility {unknown}
 w - a potion of cancellation {unknown}
 x - 2 potions of mutation {unknown}
Books
 b - a book of Spatial Translocations

   Spells                             Type                      Level
   a - Blink                          Translocation                2
   b - Shroud of Golubria             Charms/Translocation         2
   c - Lesser Beckoning               Translocation                3
   d - Gell's Gravitas                Translocation                3
   e - Teleport Other                 Translocation                3
   f - Passage of Golubria            Translocation                4
Comestibles
 f - a bread ration
 p - a meat ration


   Skills:
 + Level 3.0 Fighting
 - Level 1.1 Throwing
 - Level 0.6 Armour
 - Level 1.3 Dodging
 + Level 3.0 Unarmed Combat
 - Level 1.5 Spellcasting
   Level 2.6 Translocations


You had 5 spell levels left.
You didn't know any spells.

Dungeon Overview and Level Annotations

Branches:
Dungeon (2/15)

Altars:


Innate Abilities, Weirdness & Mutations

You have hooves in place of feet.
Armour fits poorly on your strangely shaped body.
You cover ground very quickly.
You have extremely tough skin. (AC +3)


Message History

You feel sick.
You see here a pair of gloves.
j - a pair of gloves You feel sick.
You are no longer poisoned.
Found a scroll labeled DELOBELIGG.
An adder comes into view.
The adder hisses angrily.
You see here a scroll labeled DELOBELIGG.
Found 18 sling bullets.
A kobold comes into view. It is wielding a club.
The kobold shouts!
A dart slug comes into view.
You see here 18 sling bullets.
You barely miss the adder. The adder bites you.
* * * LOW HITPOINT WARNING * * *
You barely miss the adder. Your kick misses the adder. The adder bites you.
* * * LOW HITPOINT WARNING * * *
You miss the adder. You kick the adder, but do no damage. The adder bites you.
You die...

...##..## #######
......###### ......#
..##.....S.######......#
.....#####......?......#
.#..## ########......#
.....###### ...####
.....S....# ##.###
.....####.#### #..#
.....# #....###@##
...<.# ####...S.# ..>..#
#...#### ###..# #...#.#
##..##...##.# ##......
#.# #>.... ... #....
##.K. #.#.. ..#.w


You could see an adder.

Vanquished Creatures
  An adder (D:2)
  A dart slug (D:1)
  A leopard gecko (D:1)
  3 bats (D:1)
  3 goblins (D:1)
  3 hobgoblins (D:1)
  6 kobolds
  3 frilled lizards (D:1)
  3 rats
24 creatures vanquished.

Notes
Turn   | Place    | Note
-------+----------+-------------------------------------------
     0 | D:1      | hazymike the Centaur Warper began the quest for the Orb.
     0 | D:1      | Reached XP level 1. HP: 17/17 MP: 3/3
   197 | D:1      | Reached XP level 2. HP: 11/25 MP: 4/4
  1315 | D:2      | Reached XP level 3. HP: 18/30 MP: 5/5
  1416 | D:2      | Slain by an adder

Vault maps used:
D:1:      lightli_arrival_windingriver
D:2:      lemuel_doored_altar, first_bread

Skill      XL: |  1  2  3 |
---------------+----------+-----
Fighting       | 3 |  3.0
Unarmed Combat | 3 |  3.0
Throwing       | |  1.1
Armour         | |  0.6
Dodging        | |  1.3
Spellcasting   | |  1.5
Translocations | |  2.6

Action                   || total
-------------------------++-------
Melee: Unarmed           ||    99
       Kick              ||    15
Armor: Leather armour    ||    32
Dodge: Dodged            ||    43

Table legend:
 A = Spawn XP
 B = Non-spawn XP
 C = Spawn XP percentage of total XP
 D = Spawn monster count
 E = Non-spawn monster count
 F = Spawn count percentage of total count
 G = Total turns spent on level
                    A         B        C        D         E        F      G
               +---------+---------+-------+---------+---------+-------+---------
         Total |       0 |      53 |   0.0 |       0 |      24 |   0.0 |  1416
               +---------+---------+-------+---------+---------+-------+---------
           D:1 |       0 |      36 |   0.0 |       0 |      21 |   0.0 |  1291
           D:2 |       0 |      17 |   0.0 |       0 |       3 |   0.0 |   125
               +---------+---------+-------+---------+---------+-------+---------
